 Dungeon Crawl Stone Soup version 0.19-a0-1111-gcceb26a (webtiles) character file.

74 4thArraOfDagon the Vexing (level 4, -3/41 HPs)
             Began as a Troll Arcane Marksman on Aug 10, 2016.
             Was an Initiate of Ashenzari.
             Killed by divine providence
             ... invoked by an orc priest
              (17 damage)
             ... on level 4 of the Dungeon.
             The game lasted 00:02:59 (657 turns).

4thArraOfDagon the Vexing (Troll Arcane Marksman)    Turns: 657, Time: 00:02:59

Health: -3/41      AC:  5    Str: 19    XL:     4   Next: 9%
Magic:  4/4        EV: 10    Int: 10    God:    Ashenzari [......]
Gold:   98         SH:  0    Dex:  9    Spells: 1 memorised, 4 levels left

rFire  . . .     SeeInvis .     (no weapon)
rCold  . . .     Gourm    +     a - +0 robe
rNeg   . . .     Faith    .     (no shield)
rPois  .         Spirit   .     (helmet restricted)
rElec  .         Dismiss  .     (no cloak)
rCorr  .         Reflect  .     (gloves unavailable)
SustAt .         Harm     .     (boots unavailable)
MR     .....                    (no amulet)
Stlth  +.........               (no ring)
                                (no ring)

@:
A: unfitting armour, claws 3, fast metabolism 3, gourmand, regeneration 2,
shaggy fur 1, tough skin 2
a: Curse Item, Renounce Religion


You were on level 4 of the Dungeon.
You worshipped Ashenzari.
Ashenzari was noncommittal.
You were full.

You visited 1 branch of the dungeon, and saw 4 of its levels.

You collected 98 gold pieces.

Inventory:

Missiles
 c - 3 large rocks (quivered)
 d - 2 throwing nets
Armour
 a - a +0 robe (worn)
Scrolls
 e - a scroll of remove curse
 h - 2 scrolls of fog {unknown}
 i - a scroll of recharging {unknown}
 k - a scroll of immolation {unknown}
 l - a scroll of fear {unknown}
 m - a scroll of enchant armour {unknown}
 n - 2 scrolls of identify {unknown}
 o - 3 scrolls of teleportation {unknown}
 r - a scroll of magic mapping {unknown}
Potions
 g - 2 potions of curing {unknown}
 p - a potion of cure mutation {unknown}
Books
 b - a book of Debilitation

   Spells                             Type                      Level
   a - Corona                         Hexes                        1
   b - Slow                           Hexes                        2
   c - Gell's Gravitas                Hexes/Translocation          3
   d - Inner Flame                    Hexes/Fire                   3
   e - Cause Fear                     Hexes                        4
   f - Leda's Liquefaction            Hexes/Earth                  4
Comestibles
 f - 2 bread rations
 j - a beef jerky
 q - a meat ration


   Skills:
 + Level 1.1 Fighting
 + Level 2.2 Throwing
 + Level 2.0 Dodging
 + Level 0.4 Unarmed Combat
 + Level 1.1 Spellcasting
 + Level 2.6 Hexes


You had 4 spell levels left.
You knew the following spells:

 Your Spells              Type           Power        Failure   Level  Hunger
a - Corona                Hex            #......      14%         1    ##.....


Dungeon Overview and Level Annotations

Branches:
Dungeon (4/15)
 Temple: D:4-7

Altars:
Ashenzari
Hepliaklqana
The Shining One


Innate Abilities, Weirdness & Mutations

You are too large for most types of armour.
You have claws for hands.
Your metabolism is lightning-fast.
You like to eat raw meat.
You heal very quickly.
You are covered in fur. (AC +1)
You have very tough skin. (AC +2)


Message History

The orc priest shouts!
The orc shouts!
Unknown command.
Throwing (i - inventory. (,) - cycle):
c - 4 large rocks (quivered)
Press: ? - help, Shift-Dir - straight line, f - orc priest
Aim: an orc priest, wielding a trident You throw a large rock.
The large rock barely misses the orc priest.
The large rock barely misses the orc wizard.
The orc priest invokes the aid of Beogh against you.
Beogh smites you!
Unknown command.
Unknown command.
The orc priest invokes the aid of Beogh against you.
Beogh smites you!
Unknown command.
The orc wizard gestures at you while chanting.
The puff of flame hits you!
The orc priest invokes the aid of Beogh against you.
Beogh smites you!
You die...

#.........#
####.####.#.#
#.#.<..#.#
####'#....#.#
#...........#
#...........### ###
#.............. ....
#...#......## ....#
#...#.....@###.o...#
#..###.......'.o...+
...# ##....###..o..#
#..# ##.....# ....(
..# .##..#.# ####
#..##...# _.#. ###..
#.#.. .#. ..# .# +..


You could see an orc priest and an orc wizard.

Vanquished Creatures
  A crimson imp (D:3)
  2 oozes (D:2)
  A giant gecko (D:2)
  An orc (D:3)
  A giant cockroach (D:2)
  6 goblins
  5 hobgoblins
  A jackal (D:2)
  3 bats (D:2)
  2 giant newts
  2 kobolds
  3 rats (D:1)
28 creatures vanquished.

Notes
Turn   | Place    | Note
-------+----------+-------------------------------------------
     0 | D:1      | 4thArraOfDagon the Troll Arcane Marksman began the quest for the Orb.
     0 | D:1      | Reached XP level 1. HP: 18/18 MP: 1/1
     3 | D:1      | jacquesderrida: greendar
    74 | D:2      | 4thArraOfDagon: will be gut now
    78 | D:2      | Reached XP level 2. HP: 21/26 MP: 2/2
   131 | D:2      | Found a shattered altar of Ashenzari.
   139 | D:2      | Became a worshipper of Ashenzari the Shackled
   140 | D:2      | will be GTD
   315 | D:2      | Reached XP level 3. HP: 32/32 MP: 3/3
   417 | D:3      | Reached skill level 1 in Fighting
   417 | D:3      | Reached XP level 4. HP: 32/41 MP: 4/4
   512 | D:3      | Found a hazy altar of Hepliaklqana.
   650 | D:4      | Found a glowing golden altar of the Shining One.
   657 | D:4      | Killed from afar by an orc priest

Vault maps used:
D:1:      shiori_shiawase
D:2:      ashenzari_altar_1, minitemple, minmay_octomino_j4, uniq_natasha
D:3:      serial_corexii_hall, corexii_hall_statues_l, corexii_hall_statues_t,
          lemuel_statue_altar, uniq_crazy_yiuf_cottage
D:4:      tso_metal_star, yredelemnul_altar_generic, first_bread,
          minmay_misc_feat_iff

Skill      XL: |  1  2  3  4 |
---------------+-------------+-----
Throwing       | 2 |  2.2
Fighting       | 1 |  1.1
Dodging        | 2 |  2.0
Unarmed Combat | |  0.4
Spellcasting   | |  1.1
Hexes          | |  2.6

Action                   |  1- 3 |  4- 6 || total
-------------------------+-------+-------++-------
Melee: Unarmed           |    84 |    15 ||    99
Throw: Large rock        |       |     1 ||     1
  Eat: Chunk             |     3 |     5 ||     8
Armor: Robe              |    51 |     4 ||    55
Dodge: Dodged            |    44 |     8 ||    52
